 Dungeon Crawl Stone Soup version 0.17.2-1-ge4368a0 (webtiles) character file.

1842 magog001 the Covert (level 8, -6/61 HPs)
             Began as a Vampire Assassin on Oct 22, 2016.
             Was a Believer of Nemelex Xobeh.
             Mangled by an orc warrior
             ... wielding a +0 glaive
              (21 damage)
             ... on level 7 of the Dungeon.
             The game lasted 01:10:20 (7024 turns).

magog001 the Covert (Vampire Assassin)              Turns: 7024, Time: 01:10:24

Health: -6/61      AC: 11    Str: 10    XL:     8   Next: 87%
Magic:  9/9        EV:  9    Int: 19    God:    Nemelex Xobeh [**....]
Gold:   295        SH:  0    Dex: 17    Spells: 2 memorised, 3 levels left

rFire  + + .     SeeInvis +     o - +1 trident (pierce)
rCold  x . .     Clarity  .     k - +0 fire dragon armour
rNeg   + . .     SustAt   .     (no shield)
rPois  .         Gourm    .     B - +0 helmet
rElec  .         Spirit   .     d - +0 cloak
rCorr  .         Warding  .     D - +0 pair of gloves
rMut   .         Stasis   .     (no boots)
MR     .....                    f - amulet of regeneration
Stlth  ++++......               (no ring)
                                (no ring)

@: brilliant, not resistant to hostile enchantments, stealthy
A: fangs 3, see invisible, unbreathing
a: Bat Form, Renounce Religion


You were on level 7 of the Dungeon.
You worshipped Nemelex Xobeh.
Nemelex Xobeh was pleased with you.
You were not thirsty.

You visited 1 branch of the dungeon, and saw 7 of its levels.

You collected 331 gold pieces.
You spent 36 gold pieces at shops.

Inventory:

Hand Weapons
 a - a +2 dagger
 b - a +0 blowgun
 c - a cursed +0 long sword of slicing
 o - a +1 trident of piercing (weapon)
 z - a cursed +2 short sword of freezing
 A - a +1 spear of freezing
 M - a +2 rapier of draining
Missiles
 j - 43 bolts
 l - 96 arrows
 q - 6 poisoned needles
 s - 4 tomahawks (quivered)
 u - 8 javelins
 y - 21 sling bullets of flame
Armour
 d - a +0 cloak (worn)
 k - a +0 fire dragon armour (worn)
 B - a +0 helmet (worn)
 D - a +0 pair of gloves (worn)
Jewellery
 f - an amulet of regeneration (around neck)
Wands
 v - a wand of cold (10)
 I - a wand of disintegration (23)
 K - a wand of slowing (11)
Scrolls
 h - 3 scrolls of remove curse
 p - a scroll of noise
 t - a scroll of amnesia
 C - a scroll of identify
 H - a scroll of fear {unknown}
Potions
 g - 13 potions of blood
 i - a potion of cancellation {unknown}
 m - a potion of cure mutation {unknown}
 n - a potion of curing
 r - a potion of degeneration {unknown}
 x - a potion of invisibility {unknown}
 E - a potion of might {unknown}
 J - a potion of lignification {unknown}
Books
 e - a book of Conjurations

   Spells                             Type                      Level
   a - Magic Dart                     Conjuration                  1
   b - Searing Ray                    Conjuration                  2
   c - Dazzling Spray                 Conjuration/Hexes            3
   d - Fulminant Prism                Conjuration/Hexes            4
   e - Iskenderun's Mystic Blast      Conjuration                  4
   f - Iskenderun's Battlesphere      Conjuration/Charms           5
 G - a book of Ice

   Spells                             Type                      Level
   a - Ice Form                       Ice/Transmutation            4
   b - Metabolic Englaciation         Hexes/Ice                    5
   c - Ozocubu's Refrigeration        Ice                          6
   d - Bolt of Cold                   Conjuration/Ice              6
   e - Freezing Cloud                 Conjuration/Ice/Air          6
   f - Simulacrum                     Ice/Necromancy               6
 L - a book of Envenomations

   Spells                             Type                      Level
   a - Spider Form                    Transmutation/Poison         3
   b - Alistair's Intoxication        Transmutation/Poison         4
   c - Olgreb's Toxic Radiance        Poison                       4
   d - Poisonous Cloud                Conjuration/Poison/Air       6
Miscellaneous
 w - a plain deck of war {drawn: 4}
 F - a plain deck of war {drawn: 1}


   Skills:
 * Level 4.7 Fighting
 + Level 2.5 Short Blades
 * Level 3.6 Polearms
 + Level 4.9 Throwing
 + Level 1.9 Armour
 + Level 4.2 Dodging
 * Level 10.1 Stealth
 + Level 0.1 Conjurations
 * Level 1.6 Evocations


You had 3 spell levels left.
You knew the following spells:

 Your Spells              Type           Power        Failure   Level  Hunger
a - Magic Dart            Conj           ##..         41%         1    ##.....
b - Dazzling Spray        Conj/Hex       ##......     75%         3    ####...


Dungeon Overview and Level Annotations

Branches:
Dungeon (7/15)             Temple (0/1) D:4

Altars:
Dithmenos
Elyvilon
Gozag
Makhleb
Nemelex Xobeh
Ru
Yredelemnul

Shops:
D:4 *

Portals:
Bailey: D:7

Annotations:
D:5 1 runed door, Tobisume's ghost, novice DsGl


Innate Abilities, Weirdness & Mutations

You have razor-sharp teeth.
You have supernaturally acute eyesight.
You can survive without breathing.


Message History

The orc wizard blinks!
An orc wizard comes into view. It is wielding a dagger.
You hit the orc wizard.
You kill the orc wizard!
The orc warrior hits you from afar with a glaive!
* * * LOW HITPOINT WARNING * * *
An orc comes into view. It is wielding a falchion of venom.
Zapping:
I - a wand of disintegration (24)
Press: ? - help, Shift-Dir - straight line, f - orc warrior
Aim: an orc warrior, wielding a glaive and wearing a plate armour (chance to defeat MR: 71%)
The orc warrior struggles to resist.
This wand has 23 charges left.
The orc warrior barely misses you.
One of your 14 potions of blood rots away.
You draw a card...
It is the Potion.
You feel clever all of a sudden.
The orc wizard mumbles some strange words.
The orc wizard seems to speed up.
The orc warrior hits you from afar with a glaive!!
You die...
Your body glows slightly and disappears.

#.# #.#
#.# #.#
#.# #.#
#.#
#.########
#..@.o)oo#
########o#


You could see an orc warrior, an orc wizard and 2 orcs.

Vanquished Creatures
  2 hippogriffs
  2 sky beasts (D:7)
  4 ogres
  The ghost of magog001 the Conjurer, an amateur DgCj (D:3)
  A giant frog (D:6)
  A water moccasin zombie (D:6)
  3 wights (D:6)
  2 crimson imps
  2 hounds
  3 orc wizards
  A human zombie (D:5)
  2 iguanas
  8 worker ants
  A worker ant zombie (D:5)
  9 adders
  An ooze (D:1)
  2 worms
  2 adder skeletons
  7 giant geckos
  25 orcs
  7 goblins
  7 hobgoblins
  6 kobolds
  2 quokkas (D:6)
  2 ball pythons
  12 bats
  A giant cockroach (D:2)
  A giant gecko zombie (D:5)
  5 giant newts
  2 jackals (D:6)
  A quokka skeleton (D:5)
  11 rats
136 creatures vanquished.

Vanquished Creatures (collateral kills)
  An orc wizard (D:6)
  4 orcs
5 creatures vanquished.

Grand Total: 141 creatures vanquished

Notes
Turn   | Place    | Note
--------------------------------------------------------------
     0 | D:1      | magog001 the Vampire Assassin began the quest for the Orb.
     0 | D:1      | Reached XP level 1. HP: 16/16 MP: 1/1
     7 | D:1      | Noticed a polar bear
     7 | D:1      | Noticed a wyvern
     7 | D:1      | Noticed a hound
     7 | D:1      | Noticed a lindwurm
    47 | D:1      | Reached skill level 6 in Stealth
    61 | D:1      | Reached XP level 2. HP: 22/22 MP: 2/2
   660 | D:1      | Reached XP level 3. HP: 27/27 MP: 3/3
  1840 | D:2      | Reached skill level 7 in Stealth
  1840 | D:2      | Reached XP level 4. HP: 30/34 MP: 4/4
  2694 | D:3      | Reached XP level 5. HP: 35/39 MP: 5/5
  2867 | D:3      | Found a sparkling altar of Nemelex Xobeh.
  2889 | D:3      | Became a worshipper of Nemelex Xobeh the Trickster
  2891 | D:3      | Noticed an ogre
  2911 | D:3      | Killed an ogre
  3477 | D:3      | Found a sacrificial altar of Ru.
  3706 | D:3      | Noticed magog001's ghost (amateur DgCj)
  3725 | D:3      | Killed magog001's ghost
  3725 | D:3      | Reached skill level 8 in Stealth
  3725 | D:3      | Reached XP level 6. HP: 13/46 MP: 6/6
  3974 | D:4      | Learned a level 1 spell: Magic Dart
  4033 | D:4      | Received a gift from Nemelex Xobeh
  4096 | D:4      | Reached skill level 1 in Polearms
  4236 | D:4      | Found a staircase to the Ecumenical Temple.
  4391 | D:4      | Reached * piety under Nemelex Xobeh
  4492 | D:4      | Found Idout's General Store.
  4495 | D:4      | Bought a scroll of remove curse for 36 gold pieces
  4716 | D:5      | Entered Level 5 of the Dungeon
  4808 | D:5      | Received a gift from Nemelex Xobeh
  4864 | D:5      | Reached XP level 7. HP: 52/52 MP: 7/7
  4889 | D:5      | Reached skill level 9 in Stealth
  4972 | D:5      | Found a white marble altar of Elyvilon.
  4972 | D:5      | Noticed Tobisume's ghost (novice DsGl)
  5264 | D:5      | Found a runed door.
  5264 | D:5      | Noticed a human
  5267 | D:5      | Found a basalt altar of Yredelemnul.
  5548 | D:6      | Reached ** piety under Nemelex Xobeh
  5921 | D:6      | Reached XP level 8. HP: 41/60 MP: 8/8
  6184 | D:6      | Found a shadowy altar of Dithmenos.
  6186 | D:6      | Found a burning altar of Makhleb.
  6188 | D:6      | Found an opulent altar of Gozag.
  6198 | D:6      | Reached skill level 1 in Armour
  6681 | D:6      | Learned a level 3 spell: Dazzling Spray
  6742 | D:7      | Reached skill level 1 in Evocations
  6887 | D:7      | Reached skill level 10 in Stealth
  6918 | D:7      | Found a flagged portal.
  7024 | D:7      | Mangled by an orc warrior

Action                   |  1- 3 |  4- 6 |  7- 9 || total
-------------------------+-------+-------+-------++-------
Melee: Dagger            |    12 |    50 |       ||    62
       Trident           |       |    52 |   178 ||   230
 Fire: Blowgun           |    59 |    58 |    46 ||   163
Throw: Tomahawk          |     3 |     6 |     6 ||    15
 Cast: Magic Dart        |       |     2 |       ||     2
Evoke: Deck              |       |     1 |     4 ||     5
       Wand              |       |       |     4 ||     4
  Use: Potion            |     5 |    17 |     6 ||    28
       Scroll            |       |     3 |     9 ||    12
 Stab: Sleeping          |    25 |    17 |     8 ||    50
       Distracted        |       |       |     1 ||     1
